| TOP OF THE 1ST |
|
Detroit Tigers batting - Pitching for Minnesota Twins : RHP Riley Pooley
|
|
Pitching: RHP Riley Pooley
|
|
|
Batting: RHB Greg Harman
|
0-0: Ball 1-0: Foul Ball, location: 2F 1-1: Swinging Strike 1-2: Foul Ball, location: 2F 1-2: Strikes out looking
|
|
Batting: LHB Morgan Black
|
0-0: Ball 1-0: Foul Ball, location: 2F 1-1: DOUBLE (Flyball, 8LXD, EV 110.6 MPH)
|
|
Batting: RHB Randy Shrewsbury
|
0-0: Ground out 6-3 (Groundball, 6, EV 81.9 MPH) Morgan Black to third
|
|
Batting: LHB Tyler Davis
|
0-0: SINGLE (Groundball, 34S, EV 68.1 MPH) (infield hit) Morgan Black scores
|
|
Batting: LHB Emmanuel Gaskin
|
0-0: Ground out 4-3 (Groundball, 4, EV 105.0 MPH)
|
| Top of the 1st over - 1 run, 2 hits, 0 errors, 1 left on base; Detroit 1 - Minnesota 0 |
| BOTTOM OF THE 1ST |
|
Minnesota Twins batting - Pitching for Detroit Tigers : RHP Ryan Sobocinski
|
|
Pitching: RHP Ryan Sobocinski
|
|
|
Batting: RHB Yonetoshi Muranaka
|
0-0: Fly out, F8 (Flyball, 8RD, EV 100.6 MPH)
|
|
Batting: RHB Jared McClernon
|
0-0: Ball 1-0: Swinging Strike 1-1: Ground out 5-3 (Groundball, 5S, EV 66.9 MPH)
|
|
Batting: LHB Kevin Bellman
|
0-0: Ball 1-0: Called Strike 1-1: Ball 2-1: Called Strike 2-2: Ball 3-2: Foul Ball, location: 2F 3-2: Base on Balls
|
|
Batting: LHB Joel Kunkler
|
0-0: Called Strike 0-1: Ball 1-1: Ball 2-1: Ball 3-1: Ground out 6-3 (Groundball, 6M, EV 87.5 MPH)
|
| Bottom of the 1st over - 0 runs, 0 hits, 0 errors, 1 left on base; Detroit 1 - Minnesota 0 |
| TOP OF THE 2ND |
|
Detroit Tigers batting - Pitching for Minnesota Twins : RHP Riley Pooley
|
|
Batting: RHB Luke Feeney
|
0-0: Ball 1-0: Ball 2-0: Called Strike 2-1: Foul Ball, location: 2F 2-2: Ground out 5-3 (Groundball, 56S, EV 76.9 MPH)
|
|
Batting: LHB Jordan Villa
|
0-0: Foul Ball, location: 2F 0-1: Ground out 6-3 (Groundball, 4, EV 78.8 MPH)
|
|
Batting: RHB Adrian Novakovic
|
0-0: Ball 1-0: Fly out, F4 (Flyball, 34D, EV 80.0 MPH)
|
| Top of the 2nd over - 0 runs, 0 hits, 0 errors, 0 left on base; Detroit 1 - Minnesota 0 |
| BOTTOM OF THE 2ND |
|
Minnesota Twins batting - Pitching for Detroit Tigers : RHP Ryan Sobocinski
|
|
Batting: RHB Jesus Chavez
|
0-0: Called Strike 0-1: Fly out, F7 (Flyball, 7S, EV 90.0 MPH)
|
|
Batting: RHB José Molina
|
0-0: Called Strike 0-1: Foul Ball, location: 2F 0-2: Ground out 5-3 (Groundball, 5S, EV 85.0 MPH)
|
|
Batting: RHB Väinö Tapaninen
|
0-0: SOLO HOME RUN (Flyball, 7D, EV 101.9 MPH), Distance : 367 ft
|
|
Batting: RHB Vinny Luna
|
0-0: Ball 1-0: Ball 2-0: Called Strike 2-1: Foul Ball, location: 2F 2-2: SINGLE (Groundball, 4M, EV 108.8 MPH)
|
|
Batting: RHB Brett Steele
|
0-0: Ball 1-0: Swinging Strike 1-1: Fly out, F4 (Line Drive, 4, EV 68.1 MPH)
|
| Bottom of the 2nd over - 1 run, 2 hits, 0 errors, 1 left on base; Detroit 1 - Minnesota 1 |
| TOP OF THE 3RD |
|
Detroit Tigers batting - Pitching for Minnesota Twins : RHP Riley Pooley
|
|
Batting: RHB Danny Eberhart
|
0-0: Ball 1-0: Swinging Strike 1-1: Ball 2-1: Foul Ball, location: 2F 2-2: TRIPLE (Line Drive, 9D, EV 102.5 MPH)
|
|
Batting: RHB Greg Harman
|
0-0: Ball 1-0: SINGLE (Groundball, 4MD, EV 103.8 MPH) Danny Eberhart scores
|
|
Batting: LHB Morgan Black
|
0-0: Called Strike 0-1: Ground out 5-3 (Groundball, 25, EV 71.9 MPH) Greg Harman to second
|
|
Batting: RHB Randy Shrewsbury
|
0-0: Called Strike Greg Harman steals 3rd base (no throw) 0-1: Ball 1-1: Ball 2-1: Swinging Strike 2-2: Ball 3-2: Base on Balls
|
|
Batting: LHB Tyler Davis
|
0-0: Ball Randy Shrewsbury steals 2nd base 1-0: Called Strike 1-1: Called Strike 1-2: Strikes out looking
|
|
Batting: LHB Emmanuel Gaskin
|
0-0: Ball 1-0: Fly out, F9 (Flyball, 9, EV 84.4 MPH)
|
| Top of the 3rd over - 1 run, 2 hits, 0 errors, 2 left on base; Detroit 2 - Minnesota 1 |
| BOTTOM OF THE 3RD |
|
Minnesota Twins batting - Pitching for Detroit Tigers : RHP Ryan Sobocinski
|
|
Batting: RHB Yonetoshi Muranaka
|
0-0: Called Strike 0-1: Ball 1-1: Ball 2-1: Called Strike 2-2: SINGLE (Popup, 3D, EV 45.0 MPH)
|
|
Batting: RHB Jared McClernon
|
0-0: Ball 1-0: Ball 2-0: Ball 3-0: Called Strike 3-1: Sac Bunt to P - play at first, batter OUT! 1-3 Yonetoshi Muranaka to second
|
|
Batting: LHB Kevin Bellman
|
0-0: Called Strike 0-1: Foul Ball, location: 2F 0-2: Ball 1-2: Strikes out swinging
|
|
Batting: LHB Joel Kunkler
|
0-0: Ball 1-0: Called Strike 1-1: Swinging Strike 1-2: Ground out U3 (Groundball, 34, EV 86.3 MPH)
|
| Bottom of the 3rd over - 0 runs, 1 hit, 0 errors, 1 left on base; Detroit 2 - Minnesota 1 |
| TOP OF THE 4TH |
|
Detroit Tigers batting - Pitching for Minnesota Twins : RHP Riley Pooley
|
|
Batting: RHB Luke Feeney
|
0-0: Hit by Pitch
|
|
Batting: LHB Jordan Villa
|
0-0: Called Strike 0-1: Ball 1-1: Ball 2-1: Bunted foul 2-2: Fly out, F5 (Popup, 56, EV 39.4 MPH)
|
|
Batting: RHB Adrian Novakovic
|
0-0: Called Strike Luke Feeney steals 2nd base 0-1: Called Strike 0-2: Ball 1-2: Ground out 6-3 (Groundball, 6S, EV 73.1 MPH) Luke Feeney to third
|
|
Batting: RHB Danny Eberhart
|
0-0: Hit by Pitch
|
|
Batting: RHB Greg Harman
|
0-0: Ball 1-0: Swinging Strike 1-1: Foul Ball, location: 2F 1-2: Ball 2-2: Ball 3-2: Foul Ball, location: 2F 3-2: Ground out 5-3 (Groundball, 56S, EV 66.9 MPH)
|
| Top of the 4th over - 0 runs, 0 hits, 0 errors, 2 left on base; Detroit 2 - Minnesota 1 |
| BOTTOM OF THE 4TH |
|
Minnesota Twins batting - Pitching for Detroit Tigers : RHP Ryan Sobocinski
|
|
Batting: RHB Jesus Chavez
|
0-0: Called Strike 0-1: Foul Ball, location: 2F 0-2: Ground out 4-3 (Groundball, 4, EV 90.0 MPH)
|
|
Batting: RHB José Molina
|
0-0: Called Strike 0-1: Ball 1-1: Foul Ball, location: 2F 1-2: Ball 2-2: Ball 3-2: Foul Ball, location: 2F 3-2: Base on Balls
|
|
Batting: RHB Väinö Tapaninen
|
0-0: Ball 1-0: Called Strike 1-1: Called Strike José Molina steals 2nd base (no throw) 1-2: SINGLE (Groundball, 56D, EV 105.0 MPH) José Molina to third Runner from 3rd tries for Home, SAFE, throw by LF to home
|
|
Batting: RHB Vinny Luna
|
0-0: Ball 1-0: Ball 2-0: Fly out, F4 (Line Drive, 4, EV 63.8 MPH)
|
|
Batting: RHB Brett Steele
|
0-0: Ball 1-0: Called Strike 1-1: Ball Väinö Tapaninen steals 2nd base 2-1: Ball 3-1: DOUBLE (Flyball, 8LXD, EV 101.3 MPH) Väinö Tapaninen scores
|
|
Batting: RHB Yonetoshi Muranaka
|
0-0: SINGLE (Line Drive, 78S, EV 100.6 MPH) Brett Steele to third Runner from 3rd tries for Home, SAFE, throw by LF to home
|
|
Batting: RHB Jared McClernon
|
0-0: Ball Yonetoshi Muranaka is caught stealing 2nd base 2-4
|
| Bottom of the 4th over - 3 runs, 3 hits, 0 errors, 0 left on base; Detroit 2 - Minnesota 4 |
| TOP OF THE 5TH |
|
Detroit Tigers batting - Pitching for Minnesota Twins : RHP Riley Pooley
|
|
Batting: LHB Morgan Black
|
0-0: Foul Ball, location: 2F 0-1: Ground out 4-3 (Groundball, 4M, EV 103.1 MPH)
|
|
Batting: RHB Randy Shrewsbury
|
0-0: Foul Ball, location: 2F 0-1: Ball 1-1: SINGLE (Groundball, 56D, EV 96.3 MPH) (infield hit)
|
|
Batting: LHB Tyler Davis
|
0-0: Called Strike 0-1: Called Strike 0-2: Ball 1-2: Strikes out swinging
|
|
Batting: LHB Emmanuel Gaskin
|
0-0: Ball 1-0: Ball 2-0: Ball 3-0: Base on Balls Randy Shrewsbury to second
|
|
Batting: RHB Luke Feeney
|
0-0: DOUBLE (Line Drive, 7LM, EV 104.4 MPH) Randy Shrewsbury scores Emmanuel Gaskin to third
|
|
Batting: LHB Jordan Villa
|
0-0: SINGLE (Flyball, 3D, EV 96.3 MPH) Emmanuel Gaskin scores Luke Feeney to third Runner from 3rd tries for Home, throw by RF and OUT! 9-2
|
| Top of the 5th over - 2 runs, 3 hits, 0 errors, 1 left on base; Detroit 4 - Minnesota 4 |
| BOTTOM OF THE 5TH |
|
Minnesota Twins batting - Pitching for Detroit Tigers : RHP Ryan Sobocinski
|
|
Batting: RHB Jared McClernon
|
0-0: Foul Ball, location: 2F 0-1: Swinging Strike 0-2: SINGLE (Groundball, 6MD, EV 101.3 MPH)
|
|
Batting: LHB Kevin Bellman
|
0-0: Ball 1-0: Ground out 3-1 (Groundball, 34S, EV 72.5 MPH) Jared McClernon to second
|
|
Batting: LHB Joel Kunkler
|
0-0: Called Strike 0-1: Ball 1-1: Ball 2-1: Foul Ball, location: 2F 2-2: Strikes out looking
|
|
Batting: RHB Jesus Chavez
|
0-0: Ball 1-0: Fly out, F9 (Line Drive, 9, EV 105.0 MPH)
|
| Bottom of the 5th over - 0 runs, 1 hit, 0 errors, 1 left on base; Detroit 4 - Minnesota 4 |
| TOP OF THE 6TH |
|
Detroit Tigers batting - Pitching for Minnesota Twins : RHP Riley Pooley
|
|
Batting: RHB Adrian Novakovic
|
0-0: Called Strike 0-1: Ball 1-1: Foul Ball, location: 2F 1-2: Strikes out looking
|
|
Batting: RHB Danny Eberhart
|
0-0: Called Strike 0-1: Ground out 1-3 (Groundball, 15S, EV 66.3 MPH)
|
|
Batting: RHB Greg Harman
|
0-0: Ball 1-0: Ball 2-0: Fly out, F9 (Flyball, 89D, EV 91.3 MPH)
|
| Top of the 6th over - 0 runs, 0 hits, 0 errors, 0 left on base; Detroit 4 - Minnesota 4 |
| BOTTOM OF THE 6TH |
|
Minnesota Twins batting - Pitching for Detroit Tigers : RHP Ryan Sobocinski
|
|
Batting: RHB José Molina
|
0-0: Ball 1-0: Ball 2-0: Called Strike 2-1: Foul Ball, location: 2F 2-2: Ball 3-2: Base on Balls
|
|
Batting: RHB Väinö Tapaninen
|
0-0: Ball 1-0: Foul Ball, location: 2F 1-1: Ball 2-1: Ball 3-1: SINGLE (Groundball, 6MD, EV 95.6 MPH) José Molina to second Runner from 2nd tries for 3rd, SAFE, throw by CF made to third Väinö Tapaninen to second
|
|
Batting: RHB Vinny Luna
|
0-0: Ball 1-0: Called Strike 1-1: Ball 2-1: Called Strike 2-2: Strikes out looking
|
|
Batting: RHB Brett Steele
|
0-0: Ground out 6-3 (Groundball, 6, EV 78.8 MPH)
|
|
Batting: RHB Yonetoshi Muranaka
|
0-0: Ball 1-0: Called Strike 1-1: Ground out 6-3 (Groundball, 6, EV 81.9 MPH)
|
| Bottom of the 6th over - 0 runs, 1 hit, 0 errors, 2 left on base; Detroit 4 - Minnesota 4 |
| TOP OF THE 7TH |
|
Detroit Tigers batting - Pitching for Minnesota Twins : RHP Riley Pooley
|
|
Batting: LHB Morgan Black
|
0-0: Ball 1-0: Ball 2-0: Called Strike 2-1: Ground out 4-3 (Groundball, 4S, EV 83.1 MPH)
|
|
Batting: RHB Randy Shrewsbury
|
0-0: Called Strike 0-1: Called Strike 0-2: Foul Ball, location: 2F 0-2: Ground out 5-3 (Groundball, 56, EV 89.4 MPH)
|
|
Batting: LHB Tyler Davis
|
0-0: Fly out, F4 (Popup, 4D, EV 55.6 MPH)
|
| Top of the 7th over - 0 runs, 0 hits, 0 errors, 0 left on base; Detroit 4 - Minnesota 4 |
| BOTTOM OF THE 7TH |
|
Minnesota Twins batting - Pitching for Detroit Tigers : RHP Ryan Sobocinski
|
|
Pitching: RHP Bryce Cleavinger
|
|
|
Batting: RHB Jared McClernon
|
0-0: Ball 1-0: Ground out 6-3 (Groundball, 56, EV 86.3 MPH)
|
|
Batting: LHB Kevin Bellman
|
0-0: Called Strike 0-1: Called Strike 0-2: Ball 1-2: Ball 2-2: Foul Ball, location: 2F 2-2: Ball 3-2: Foul Ball, location: 2F 3-2: Strikes out looking
|
|
Batting: LHB Joel Kunkler
|
0-0: Ball 1-0: Called Strike 1-1: Ball 2-1: Fly out, F9 (Flyball, 9S, EV 88.8 MPH)
|
| Bottom of the 7th over - 0 runs, 0 hits, 0 errors, 0 left on base; Detroit 4 - Minnesota 4 |
| TOP OF THE 8TH |
|
Detroit Tigers batting - Pitching for Minnesota Twins : RHP Riley Pooley
|
|
Batting: LHB Emmanuel Gaskin
|
0-0: Called Strike 0-1: Swinging Strike 0-2: Ball 1-2: Foul Ball, location: 2F 1-2: Foul Ball, location: 2F 1-2: Foul Ball, location: 2F 1-2: Hit by Pitch
|
|
Pitching: RHP Freddie Trainor
|
|
|
Batting: RHB Luke Feeney
|
0-0: Called Strike 0-1: Foul Ball, location: 2F 0-2: Ball 1-2: Strikes out looking
|
|
Batting: LHB Jordan Villa
|
0-0: Ball 1-0: Called Strike 1-1: Called Strike 1-2: Ball 2-2: Foul Ball, location: 2F 2-2: Fly out, F4 (Line Drive, 4, EV 72.5 MPH)
|
|
Pinch Hitting: LHB Brad Turner
|
0-0: Ball 1-0: Ball 2-0: Fly out, F8 (Line Drive, 8RM, EV 98.8 MPH)
|
| Top of the 8th over - 0 runs, 0 hits, 0 errors, 1 left on base; Detroit 4 - Minnesota 4 |
| BOTTOM OF THE 8TH |
|
Minnesota Twins batting - Pitching for Detroit Tigers : RHP Bryce Cleavinger
|
|
Now at SS: Dave Reynolds
|
|
|
Batting: RHB Jesus Chavez
|
0-0: Ball 1-0: Swinging Strike 1-1: Fly out, F9 (Flyball, 89D, EV 81.9 MPH)
|
|
Batting: RHB José Molina
|
0-0: Called Strike 0-1: Swinging Strike 0-2: Ball 1-2: Ball 2-2: Strikes out swinging
|
|
Batting: RHB Väinö Tapaninen
|
0-0: Called Strike 0-1: Swinging Strike 0-2: Strikes out swinging
|
| Bottom of the 8th over - 0 runs, 0 hits, 0 errors, 0 left on base; Detroit 4 - Minnesota 4 |
| TOP OF THE 9TH |
|
Detroit Tigers batting - Pitching for Minnesota Twins : RHP Freddie Trainor
|
|
Pitching: RHP Mario Arce
|
|
|
Batting: RHB Danny Eberhart
|
0-0: Called Strike 0-1: Foul Ball, location: 2F 0-2: Ball 1-2: Ball 2-2: Foul Ball, location: 2F 2-2: Ground out 6-3 (Groundball, 6, EV 87.5 MPH)
|
|
Batting: RHB Greg Harman
|
0-0: Ball 1-0: Foul Ball, location: 2F 1-1: Ground out 5-3 (Groundball, 5, EV 81.9 MPH)
|
|
Batting: LHB Morgan Black
|
0-0: Ball 1-0: Ball 2-0: Called Strike 2-1: Ball 3-1: Foul Ball, location: 2F 3-2: Base on Balls
|
|
Batting: RHB Randy Shrewsbury
|
0-0: Ball Pickoff Throw to First - Out! 1-3
|
| Top of the 9th over - 0 runs, 0 hits, 0 errors, 0 left on base; Detroit 4 - Minnesota 4 |
| BOTTOM OF THE 9TH |
|
Minnesota Twins batting - Pitching for Detroit Tigers : RHP Bryce Cleavinger
|
|
Pitching: RHP Chris Haselhorst
|
|
|
Pinch Hitting: SHB Buster Hyman
|
0-0: Called Strike 0-1: Foul Ball, location: 2F 0-2: Ball 1-2: DOUBLE (Flyball, 8LXD, EV 103.8 MPH)
|
|
Batting: RHB Brett Steele
|
0-0: Ball 1-0: Ball 2-0: SINGLE (Line Drive, 78S, EV 100.6 MPH) Buster Hyman to third
|
|
Batting: RHB Yonetoshi Muranaka
|
0-0: Ball 1-0: Called Strike Balk! Buster Hyman scores
|
| Bottom of the 9th over - 1 run, 2 hits, 0 errors, 0 left on base; Detroit 4 - Minnesota 5 |
| |
|
Game Over ... Minnesota defeats Detroit, 5 to 4
|
|
|